Capitals vs Islanders
Created - May 23, 2024 at 22:36
Goals
|
| Capitals |
0 |
4 |
2 |
6 |
| Islanders |
1 |
1 |
2 |
4 |
|
Shots
|
| Capitals |
13 |
8 |
6 |
27 |
| Islanders |
15 |
9 |
7 |
31 |
|
1st period
1. Islanders , Anze Kopitar 2 (Jason Spezza 4, Brock McGinn 4) at 7:39
Penalties :
No Penalty
2nd period
2. Capitals , Shea Theodore 2 (Alexei Marchenko 3) at 10:47
3. Islanders , Anze Kopitar 3 (Sergei Plotnikov 2, Nikita Zadorov 2) at 12:53
4. Capitals , Phil Kessel 2 (Jeff Skinner 2, Blake Pietila 5) at 14:41
5. Capitals , Jeff Skinner 3 (Mike Green 5, Brandon Gormley 4) at 17:17
6. Capitals , Mike Green 1 (Patrick Kane 7, Nicklas Backstrom 8) at 18:42 (PP)
Penalties :
Patrick Kane (Was) for Delaying the game (Minor) at 1:34, Yann Sauvé (NyI) for Interference (Minor) at 6:15, Dylan McIlrath (NyI) for Tripping (Minor) at 18:29
3rd period
7. Capitals , Nicklas Backstrom 2 (Patrick Kane 8, Taylor Hall 8) at 0:11
8. Islanders , Jason Akeson 1 (Adam Fox 4, Dylan McIlrath 3) at 1:46
9. Capitals , Jeff Skinner 4 (Joe Colborne 2, Phil Kessel 2) at 2:46
10. Islanders , Garnet Hathaway 1 (Sergei Plotnikov 3, Adam Fox 5) at 11:47
Penalties :
Sergei Plotnikov (NyI) for Interference (Minor) at 12:39
Goalie Stats
Cory Schneider (Was), 27 saves from 31 shots - (0.871), W, 6-2-0, 60:00 minutes
Joonas Korpisalo (NyI), 4 saves from 5 shots - (0.800), 19:49 minutes
Tyler Weiman (NyI), 17 saves from 22 shots - (0.773), L, 4-3-0, 40:11 minutes
Players Stats for Capitals
Player Name G A P +/- PIM S H SB GA TA FO MP PP MP PK MP
------------------------------------------------------------------------------------
Alexei Marchenko 0 1 1 -1 0 1 0 3 0 0 0/0 19:16 0:00 0:40
Blake Pietila 0 1 1 0 0 2 0 0 1 0 0/0 18:11 1:39 1:00
Bobby Ryan 0 0 0 0 0 1 0 0 0 0 0/0 15:37 1:39 0:00
Brandon Burlon 0 0 0 1 0 0 0 0 0 0 0/0 11:54 0:00 0:00
Brandon Gormley 0 1 1 1 0 0 2 1 1 0 0/0 26:36 2:23 0:40
Cody Hodgson 0 0 0 0 0 1 1 0 0 0 3/5 18:03 1:39 0:45
Jeff Skinner 2 1 3 2 0 3 2 0 2 0 0/1 14:15 0:00 0:53
Joe Colborne 0 1 1 2 0 1 0 0 0 0 4/8 13:33 0:00 0:13
Jujhar Khaira 0 0 0 0 0 4 1 0 0 0 0/0 8:31 0:00 0:06
Marc Staal 0 0 0 -1 0 3 0 1 1 1 0/0 21:30 1:48 1:19
Mike Green 1 1 2 1 0 1 1 1 0 1 0/0 27:02 2:23 1:19
Nicklas Backstrom 1 1 2 -1 0 3 1 0 2 0 21/29 18:58 2:32 0:00
Patrick Kane 0 2 2 -1 2 1 1 2 1 0 1/2 20:42 2:32 0:00
Phil Kessel 1 1 2 2 0 2 0 0 0 0 0/0 13:16 0:00 0:00
Sergey Kalinin 0 0 0 0 0 1 2 0 0 1 2/5 9:26 0:00 1:01
Shea Theodore 1 0 1 1 0 1 2 2 1 0 0/0 13:42 1:48 0:00
Steve Downie 0 0 0 0 0 0 1 1 0 0 0/0 8:25 0:00 0:00
Taylor Hall 0 1 1 -1 0 2 2 0 0 0 1/2 19:03 2:32 0:00
Players Stats for Islanders
Player Name G A P +/- PIM S H SB GA TA FO MP PP MP PK MP
------------------------------------------------------------------------------------
Adam Fox 0 2 2 1 0 1 0 1 0 1 0/0 15:07 0:00 0:11
Anze Kopitar 2 0 2 2 0 3 1 0 0 0 3/8 17:42 0:55 1:32
Brayden McNabb 0 0 0 0 0 0 0 2 0 0 0/0 8:30 0:49 0:00
Brayden Schenn 0 0 0 -2 0 4 4 0 0 1 9/24 21:57 1:04 2:28
Brock McGinn 0 1 1 2 0 0 1 0 1 0 2/2 16:45 0:55 1:37
Dylan McIlrath 0 1 1 2 2 0 1 0 0 0 0/0 19:39 0:00 2:05
Emerson Etem 0 0 0 -2 0 1 1 1 0 1 0/0 14:12 0:03 0:08
Garnet Hathaway 1 0 1 0 0 2 0 0 0 0 0/0 9:08 0:00 0:00
Jason Akeson 1 0 1 -2 0 2 1 0 0 0 0/0 13:11 0:00 0:00
Jason Spezza 0 1 1 2 0 1 2 0 1 0 1/1 15:02 0:55 0:00
Kellan Lain 0 0 0 -1 0 0 3 1 0 0 1/3 21:17 1:01 2:26
Melker Karlsson 0 0 0 0 0 0 0 0 0 0 0/1 9:17 0:00 0:11
Michael Latta 0 0 0 -2 0 1 1 0 0 0 3/8 12:47 0:00 0:00
Nikita Zadorov 0 1 1 -1 0 1 1 1 0 3 0/0 19:59 0:49 1:50
Ryan Ellis 0 0 0 -2 0 5 0 1 0 0 0/0 27:13 1:10 2:49
Sergei Plotnikov 0 2 2 0 2 0 2 0 0 1 0/0 8:57 0:00 0:00
Vladimir Tarasenko 0 0 0 -1 0 9 0 0 0 2 1/5 18:27 1:04 0:00
Yann Sauvé 0 0 0 -1 2 1 1 0 1 0 0/0 26:36 1:10 1:27
3 Stars
1 - Jeff Skinner (Was)
2 - Anze Kopitar (NyI)
3 - Phil Kessel (Was)
Power Play
Capitals - 1 on 3 Attempt(s) - 33.33%
Islanders - 0 on 1 Attempt(s) - 0.00%
Penalty Kill
Capitals - 1 on 1 Attempt(s) - 100.00%
- Score 0 goal in Penalty Kill
Islanders - 2 on 3 Attempt(s) - 66.67%
- Score 0 goal in Penalty Kill
Team Stat
Capitals - Hits : 16 - Faceoff Wins : 32 - Blocked Shots : 11 - Penalty Minutes : 2
Islanders - Hits : 19 - Faceoff Wins : 20 - Blocked Shots : 7 - Penalty Minutes : 6
Official
Referees : Michael Markovic and Dean Morton
Linesman : Derek Nansen and Derek Amell
Game Notes
Brayden McNabb is injured at 5:40 of 2nd period (Severed Left Wrist Tendons)
Joonas Korpisalo enters game at 0:11 of 3rd period
Finance
Level 1 -- Attendance: 6000 (100.00%) -- Ticket Income $600,000
Level 2 -- Attendance: 5000 (100.00%) -- Ticket Income $300,000
Level 3 -- Attendance: 2000 (100.00%) -- Ticket Income $70,000
Level 4 -- Attendance: 4000 (100.00%) -- Ticket Income $100,000
Luxury Box -- Attendance: 1000 (100.00%) -- Ticket Income $200,000
Game was played at the Nassau Coliseum.
Total Attendance: 18000 (100.00%)
Total Ticket Income: $1,270,000
Other Income: $190,500
Total Income: $1,460,500
Capitals
5 vs 5 Forward
Center Left Wing Right Wing Time % Phy DF OF
1 Nicklas Backstrom Taylor Hall Patrick Kane 40 0 1 4
2 Cody Hodgson Blake Pietila Bobby Ryan 30 0 1 4
3 Joe Colborne Jeff Skinner Phil Kessel 20 0 2 3
4 Sergey Kalinin Jujhar Khaira Steve Downie 10 0 2 3
5 vs 5 Defense
Defense Defense Time % Phy DF OF
1 Brandon Gormley Mike Green 40 0 2 3
2 Alexei Marchenko Marc Staal 30 0 3 2
3 Shea Theodore Brandon Burlon 20 0 3 2
4 Brandon Gormley Mike Green 10 0 3 2
PowerPlay Forward
Center Left Wing Right Wing Time % Phy DF OF
1 Nicklas Backstrom Taylor Hall Patrick Kane 60 0 0 5
2 Cody Hodgson Blake Pietila Bobby Ryan 40 0 0 5
PowerPlay Defense
Defense Defense Time % Phy DF OF
1 Brandon Gormley Mike Green 60 0 2 3
2 Marc Staal Shea Theodore 40 0 2 3
Penalty Kill 4 Players Forward
Center Wing Time % Phy DF OF
1 Sergey Kalinin Patrick Kane 60 0 3 2
2 Joe Colborne Jujhar Khaira 40 0 3 2
Penalty Kill 4 Players Defense
Defense Defense Time % Phy DF OF
1 Marc Staal Mike Green 60 0 4 1
2 Alexei Marchenko Brandon Gormley 40 0 4 1
Penalty Kill - 3 Players Forward
Forward Time % Phy DF OF
1 Taylor Hall 60 0 5 0
2 Patrick Kane 40 0 5 0
Penalty Kill - 3 Players Defense
Defense Defense Time % Phy DF OF
1 Marc Staal Mike Green 60 0 5 0
2 Brandon Gormley Alexei Marchenko 40 0 5 0
4 vs 4 Forward
Center Wing Time % Phy DF OF
1 Taylor Hall Patrick Kane 60 0 1 4
2 Nicklas Backstrom Bobby Ryan 40 0 1 4
4 vs 4 Defense
Defense Defense Time % Phy DF OF
1 Brandon Gormley Mike Green 60 0 2 3
2 Alexei Marchenko Marc Staal 40 0 3 2
Last Minutes Offensive
Center Left Wing Right Wing Defense Defense
Nicklas Backstrom Taylor Hall Patrick Kane Shea Theodore Mike Green
Last Minutes Defensive
Center Left Wing Right Wing Defense Defense
Nicklas Backstrom Taylor Hall Patrick Kane Marc Staal Mike Green
Goaltenders
Starting : Cory Schneider
Backup : Chet Pickard
Extra Forwards
Normal : Patrick Kane, Taylor Hall, Nicklas Backstrom - PP : Patrick Kane, Taylor Hall - PK : Patrick Kane
Extra Defensemen
Normal : Mike Green, Brandon Gormley, Alexei Marchenko - PP : Mike Green - PK : Marc Staal, Mike Green
Penalty Shots
Taylor Hall, Patrick Kane, Nicklas Backstrom, Bobby Ryan, Cody Hodgson
Custom OT Lines Forwards
Taylor Hall, Patrick Kane, Nicklas Backstrom, Bobby Ryan, Cody Hodgson, Blake Pietila, Jujhar Khaira, Steve Downie, Jeff Skinner, Phil Kessel
Custom OT Lines Defensemen
Brandon Gormley, Shea Theodore, Mike Green, Marc Staal, Alexei Marchenko
Scratches
None
Islanders
5 vs 5 Forward
Center Left Wing Right Wing Time % Phy DF OF
1 Brayden Schenn Kellan Lain Vladimir Tarasenko 40 1 2 2
2 Anze Kopitar Brock McGinn Jason Spezza 30 1 2 2
3 Michael Latta Emerson Etem Jason Akeson 20 1 2 2
4 Melker Karlsson Sergei Plotnikov Garnet Hathaway 10 1 2 2
5 vs 5 Defense
Defense Defense Time % Phy DF OF
1 Ryan Ellis Yann Sauvé 40 1 2 2
2 Nikita Zadorov Brayden McNabb 30 1 2 2
3 Dylan McIlrath Adam Fox 20 1 2 2
4 Ryan Ellis Yann Sauvé 10 1 2 2
PowerPlay Forward
Center Left Wing Right Wing Time % Phy DF OF
1 Brayden Schenn Kellan Lain Vladimir Tarasenko 60 1 2 2
2 Anze Kopitar Brock McGinn Jason Spezza 40 1 2 2
PowerPlay Defense
Defense Defense Time % Phy DF OF
1 Ryan Ellis Yann Sauvé 60 1 2 2
2 Nikita Zadorov Brayden McNabb 40 1 2 2
Penalty Kill 4 Players Forward
Center Wing Time % Phy DF OF
1 Brayden Schenn Kellan Lain 60 1 2 2
2 Anze Kopitar Brock McGinn 40 1 2 2
Penalty Kill 4 Players Defense
Defense Defense Time % Phy DF OF
1 Ryan Ellis Yann Sauvé 60 1 2 2
2 Nikita Zadorov Brayden McNabb 40 1 2 2
Penalty Kill - 3 Players Forward
Forward Time % Phy DF OF
1 Brayden Schenn 60 1 2 2
2 Anze Kopitar 40 1 2 2
Penalty Kill - 3 Players Defense
Defense Defense Time % Phy DF OF
1 Ryan Ellis Yann Sauvé 60 1 2 2
2 Nikita Zadorov Brayden McNabb 40 1 2 2
4 vs 4 Forward
Center Wing Time % Phy DF OF
1 Brayden Schenn Kellan Lain 60 1 2 2
2 Anze Kopitar Brock McGinn 40 1 2 2
4 vs 4 Defense
Defense Defense Time % Phy DF OF
1 Ryan Ellis Yann Sauvé 60 1 2 2
2 Nikita Zadorov Brayden McNabb 40 1 2 2
Last Minutes Offensive
Center Left Wing Right Wing Defense Defense
Brayden Schenn Kellan Lain Vladimir Tarasenko Ryan Ellis Yann Sauvé
Last Minutes Defensive
Center Left Wing Right Wing Defense Defense
Brayden Schenn Kellan Lain Vladimir Tarasenko Ryan Ellis Yann Sauvé
Goaltenders
Starting : Tyler Weiman
Backup : Joonas Korpisalo
Extra Forwards
Normal : Kellan Lain, Brock McGinn, Emerson Etem - PP : Kellan Lain, Brock McGinn - PK : Kellan Lain
Extra Defensemen
Normal : Brayden McNabb, Dylan McIlrath, Adam Fox - PP : Brayden McNabb - PK : Brayden McNabb, Dylan McIlrath
Penalty Shots
Vladimir Tarasenko, Brayden Schenn, Anze Kopitar, Jason Spezza, Kellan Lain
Custom OT Lines Forwards
Vladimir Tarasenko, Brayden Schenn, Anze Kopitar, Jason Spezza, Kellan Lain, Brock McGinn, Emerson Etem, Michael Latta, Jason Akeson, Melker Karlsson
Custom OT Lines Defensemen
Ryan Ellis, Yann Sauvé, Nikita Zadorov, Brayden McNabb, Dylan McIlrath
Scratches
Andrew Shaw (Healthy), Ben Johnson (Healthy), Gabriel Carlsson (Healthy), James Livingstone (Healthy)
% Time on Ice - Capitals
Lines # - Real PCT - Wanted PCT - Time Play
Normal Forward
1 - 35% - 40% - 18:38
2 - 25% - 30% - 13:31
3 - 25% - 20% - 13:16
4 - 16% - 10% - 8:25
Normal Defense
1 - 39% - 40% - 20:47
2 - 35% - 30% - 18:36
3 - 22% - 20% - 11:54
4 - 5% - 10% - 2:33
PP Forward
1 - 61% - 60% - 2:32
2 - 39% - 40% - 1:39
PP Defense
1 - 57% - 60% - 2:23
2 - 43% - 40% - 1:48
PK Forward
1 - 100% - 60% - 1:59
2 - 0% - 40% - 0:00
PK Defense
1 - 66% - 60% - 1:19
2 - 34% - 40% - 0:40
PK3 Forward
1 - 0% - 60%
2 - 0% - 40%
PK3 Defense
1 - 0% - 60%
2 - 0% - 40%
44 Forward
1 - 0% - 60%
2 - 0% - 40%
44 Defense
1 - 0% - 60%
2 - 0% - 40%
Last Minute Offensive - 0:00
Last Minute Defensive - 0:00
Total
Forward - 60:00
Defense - 60:00
|
% Time on Ice - Islanders
Lines # - Real PCT - Wanted PCT - Time Play
Normal Forward
1 - 34% - 40% - 18:21
2 - 29% - 30% - 15:31
3 - 23% - 20% - 12:18
4 - 14% - 10% - 7:40
Normal Defense
1 - 37% - 40% - 19:51
2 - 35% - 30% - 19:03
3 - 20% - 20% - 10:50
4 - 8% - 10% - 4:06
PP Forward
1 - 54% - 60% - 1:04
2 - 46% - 40% - 0:55
PP Defense
1 - 59% - 60% - 1:10
2 - 41% - 40% - 0:49
PK Forward
1 - 85% - 60% - 3:34
2 - 15% - 40% - 0:37
PK Defense
1 - 67% - 60% - 2:49
2 - 33% - 40% - 1:22
PK3 Forward
1 - 0% - 60%
2 - 0% - 40%
PK3 Defense
1 - 0% - 60%
2 - 0% - 40%
44 Forward
1 - 0% - 60%
2 - 0% - 40%
44 Defense
1 - 0% - 60%
2 - 0% - 40%
Last Minute Offensive - 0:00
Last Minute Defensive - 0:00
Total
Forward - 60:00
Defense - 60:00
|
Play-by-Play
1st period
0:01 of 1st period - Kellan Lain wins face-off versus Nicklas Backstrom in neutral zone.
0:36 of 1st period - Snap shot by Blake Pietila.
0:36 of 1st period - Deflect By Cody Hodgson.
0:36 of 1st period - Shot Misses the Net.
0:36 of 1st period - Puck is out of play.
0:37 of 1st period - Joe Colborne wins face-off versus Michael Latta in Islanders zone.
0:42 of 1st period - Wrist shot by Jeff Skinner.
0:42 of 1st period - Stopped by Tyler Weiman without a rebound.
0:43 of 1st period - Joe Colborne wins face-off versus Michael Latta in Islanders zone.
0:52 of 1st period - Alexei Marchenko is hit by Michael Latta and loses puck.
1:20 of 1st period - Slapshot by Blake Pietila.
1:20 of 1st period - Shot Misses the Net.
1:38 of 1st period - Wrist shot by Anze Kopitar.
1:38 of 1st period - Shot Blocked by Patrick Kane.
1:56 of 1st period - Off-side.
1:57 of 1st period - Brayden Schenn wins face-off versus Sergey Kalinin in neutral zone.
2:00 of 1st period - Wrist shot by Vladimir Tarasenko.
2:00 of 1st period - Shot Misses the Net.
2:02 of 1st period - Slapshot by Adam Fox.
2:02 of 1st period - Shot Misses the Net.
2:04 of 1st period - Snap shot by Vladimir Tarasenko.
2:04 of 1st period - Shot Misses the Net.
2:10 of 1st period - Wrist shot by Brayden Schenn.
2:10 of 1st period - Shot Misses the Net.
2:22 of 1st period - Wrist shot by Vladimir Tarasenko.
2:22 of 1st period - Stopped by Cory Schneider without a rebound.
2:23 of 1st period - Nicklas Backstrom wins face-off versus Melker Karlsson in Capitals zone.
2:36 of 1st period - Snap shot by Taylor Hall.
2:36 of 1st period - Stopped by Tyler Weiman with a rebound.
2:38 of 1st period - Slapshot by Brandon Burlon.
2:38 of 1st period - Shot Misses the Net.
3:47 of 1st period - Slapshot by Ryan Ellis.
3:47 of 1st period - Shot Blocked by Marc Staal.
4:23 of 1st period - Snap shot by Cody Hodgson.
4:23 of 1st period - Shot Blocked by Adam Fox.
4:27 of 1st period - Snap shot by Bobby Ryan.
4:27 of 1st period - Stopped by Tyler Weiman with a rebound.
4:29 of 1st period - Wrist shot by Marc Staal.
4:29 of 1st period - Stopped by Tyler Weiman without a rebound.
4:30 of 1st period - Cody Hodgson wins face-off versus Brayden Schenn in Islanders zone.
5:33 of 1st period - Nikita Zadorov is hit by Jujhar Khaira.
6:04 of 1st period - Icing by Shea Theodore.
6:05 of 1st period - Brayden Schenn wins face-off versus Cody Hodgson in Capitals zone.
6:24 of 1st period - Snap shot by Brayden Schenn.
6:24 of 1st period - Stopped by Cory Schneider without a rebound.
6:25 of 1st period - Taylor Hall wins face-off versus Anze Kopitar in Capitals zone.
6:32 of 1st period - Slapshot by Nicklas Backstrom.
6:32 of 1st period - Deflect By Yann Sauvé.
6:32 of 1st period - Stopped by Tyler Weiman with a rebound.
6:55 of 1st period - Snap shot by Brayden Schenn.
6:55 of 1st period - Shot Blocked by Alexei Marchenko.
6:59 of 1st period - Wrist shot by Kellan Lain.
6:59 of 1st period - Shot Blocked by Alexei Marchenko.
7:01 of 1st period - Slapshot by Nikita Zadorov.
7:01 of 1st period - Stopped by Cory Schneider without a rebound.
7:02 of 1st period - Cody Hodgson wins face-off versus Anze Kopitar in Capitals zone.
7:15 of 1st period - Slapshot by Ryan Ellis.
7:15 of 1st period - Deflect By Cody Hodgson.
7:15 of 1st period - Stopped by Cory Schneider without a rebound.
7:16 of 1st period - Nicklas Backstrom wins face-off versus Vladimir Tarasenko in Capitals zone.
7:29 of 1st period - Wrist shot by Vladimir Tarasenko.
7:29 of 1st period - Stopped by Cory Schneider without a rebound.
7:30 of 1st period - Jason Spezza wins face-off versus Taylor Hall in Capitals zone.
7:39 of 1st period - Slapshot by Jason Spezza.
7:39 of 1st period - Deflect By Anze Kopitar.
7:39 of 1st period - Goal by Anze Kopitar - Capitals : 0 - Islanders : 1.
7:40 of 1st period - Brayden Schenn wins face-off versus Patrick Kane in neutral zone.
8:31 of 1st period - Icing by Michael Latta.
8:32 of 1st period - Joe Colborne wins face-off versus Michael Latta in Islanders zone.
8:47 of 1st period - Slapshot by Joe Colborne.
8:47 of 1st period - Stopped by Tyler Weiman with a rebound.
8:49 of 1st period - Snap shot by Marc Staal.
8:49 of 1st period - Shot Blocked by Brayden McNabb.
8:51 of 1st period - Slapshot by Joe Colborne.
8:51 of 1st period - Shot Misses the Net.
8:53 of 1st period - Slapshot by Jeff Skinner.
8:53 of 1st period - Shot Blocked by Nikita Zadorov.
8:55 of 1st period - Slapshot by Alexei Marchenko.
8:55 of 1st period - Shot Misses the Net.
9:19 of 1st period - Slapshot by Brandon Gormley.
9:19 of 1st period - Shot Misses the Net.
10:08 of 1st period - Snap shot by Jeff Skinner.
10:08 of 1st period - Shot Misses the Net.
10:10 of 1st period - Slapshot by Marc Staal.
10:10 of 1st period - Stopped by Tyler Weiman with a rebound.
10:12 of 1st period - Slapshot by Marc Staal.
10:12 of 1st period - Stopped by Tyler Weiman without a rebound.
10:13 of 1st period - Nicklas Backstrom wins face-off versus Brayden Schenn in Islanders zone.
10:20 of 1st period - Patrick Kane is hit by Kellan Lain and loses puck.
10:49 of 1st period - Shea Theodore is hit by Brayden Schenn and loses puck.
10:54 of 1st period - Snap shot by Brayden Schenn.
10:54 of 1st period - Shot Misses the Net.
10:56 of 1st period - Wrist shot by Vladimir Tarasenko.
10:56 of 1st period - Stopped by Cory Schneider with a rebound.
11:16 of 1st period - Wrist shot by Brayden Schenn.
11:16 of 1st period - Shot Blocked by Shea Theodore.
11:18 of 1st period - Slapshot by Dylan McIlrath.
11:18 of 1st period - Shot Misses the Net.
11:26 of 1st period - Wrist shot by Vladimir Tarasenko.
11:26 of 1st period - Stopped by Cory Schneider without a rebound.
11:27 of 1st period - Anze Kopitar wins face-off versus Nicklas Backstrom in Capitals zone.
11:28 of 1st period - Snap shot by Jason Spezza.
11:28 of 1st period - Stopped by Cory Schneider with a rebound.
11:54 of 1st period - Melker Karlsson is hit by Cody Hodgson and loses puck.
12:34 of 1st period - Nikita Zadorov is hit by Sergey Kalinin.
13:26 of 1st period - Melker Karlsson is hit by Shea Theodore and loses puck.
13:46 of 1st period - Icing by Emerson Etem.
13:47 of 1st period - Nicklas Backstrom wins face-off versus Michael Latta in Islanders zone.
14:16 of 1st period - Snap shot by Brayden Schenn.
14:16 of 1st period - Shot Misses the Net.
14:18 of 1st period - Slapshot by Brayden McNabb.
14:18 of 1st period - Shot Blocked by Brandon Gormley.
14:20 of 1st period - Snap shot by Vladimir Tarasenko.
14:20 of 1st period - Stopped by Cory Schneider without a rebound.
14:21 of 1st period - Cody Hodgson wins face-off versus Brayden Schenn in Capitals zone.
14:32 of 1st period - Slapshot by Blake Pietila.
14:32 of 1st period - Stopped by Tyler Weiman without a rebound.
14:33 of 1st period - Nicklas Backstrom wins face-off versus Anze Kopitar in Islanders zone.
15:00 of 1st period - Mike Green is hit by Brayden Schenn.
15:20 of 1st period - Snap shot by Jujhar Khaira.
15:20 of 1st period - Stopped by Tyler Weiman with a rebound.
15:22 of 1st period - Slapshot by Alexei Marchenko.
15:22 of 1st period - Stopped by Tyler Weiman with a rebound.
15:50 of 1st period - Snap shot by Emerson Etem.
15:50 of 1st period - Stopped by Cory Schneider with a rebound.
15:52 of 1st period - Backhand shot by Ryan Ellis.
15:52 of 1st period - Stopped by Cory Schneider with a rebound.
16:46 of 1st period - Snap shot by Steve Downie.
16:46 of 1st period - Deflect By Jujhar Khaira.
16:46 of 1st period - Stopped by Tyler Weiman with a rebound.
16:54 of 1st period - Wrist shot by Brandon Gormley.
16:54 of 1st period - Shot Misses the Net.
16:56 of 1st period - Snap shot by Sergey Kalinin.
16:56 of 1st period - Stopped by Tyler Weiman without a rebound.
16:57 of 1st period - Brock McGinn wins face-off versus Nicklas Backstrom in Islanders zone.
17:08 of 1st period - Slapshot by Anze Kopitar.
17:08 of 1st period - Shot Misses the Net.
17:10 of 1st period - Snap shot by Jason Spezza.
17:10 of 1st period - Shot Blocked by Patrick Kane.
18:08 of 1st period - Wrist shot by Brayden Schenn.
18:08 of 1st period - Shot Blocked by Alexei Marchenko.
19:30 of 1st period - Wrist shot by Vladimir Tarasenko.
19:30 of 1st period - Stopped by Cory Schneider without a rebound.
19:31 of 1st period - Sergey Kalinin wins face-off versus Vladimir Tarasenko in Capitals zone.
19:40 of 1st period - Snap shot by Vladimir Tarasenko.
19:40 of 1st period - Shot Misses the Net.
19:42 of 1st period - Snap shot by Brayden Schenn.
19:42 of 1st period - Stopped by Cory Schneider with a rebound.
19:44 of 1st period - Slapshot by Ryan Ellis.
19:44 of 1st period - Shot Misses the Net.
19:46 of 1st period - Slapshot by Vladimir Tarasenko.
19:46 of 1st period - Stopped by Cory Schneider without a rebound.
19:47 of 1st period - Nicklas Backstrom wins face-off versus Anze Kopitar in Capitals zone.
Goals for this period are 0 for Capitals vs 1 for Islanders.
Shots for this period are 13 for Capitals vs 15 for Islanders.
2nd period
0:01 of 2nd period - Patrick Kane wins face-off versus Brayden Schenn in neutral zone.
0:26 of 2nd period - Jason Spezza is hit by Brandon Gormley and loses puck.
0:35 of 2nd period - Wrist shot by Brock McGinn.
0:35 of 2nd period - Shot Blocked by Mike Green.
1:17 of 2nd period - Wrist shot by Steve Downie.
1:17 of 2nd period - Shot Misses the Net.
1:19 of 2nd period - Wrist shot by Jujhar Khaira.
1:19 of 2nd period - Deflect By Jason Akeson.
1:19 of 2nd period - Stopped by Tyler Weiman with a rebound.
1:34 of 2nd period - Minor Penalty to Patrick Kane for Delaying the game.
1:35 of 2nd period - Brayden Schenn wins face-off versus Sergey Kalinin in Capitals zone.
1:37 of 2nd period - Slapshot by Ryan Ellis.
1:37 of 2nd period - Stopped by Cory Schneider without a rebound.
1:38 of 2nd period - Sergey Kalinin wins face-off versus Brayden Schenn in Capitals zone.
1:38 of 2nd period - Sergey Kalinin is hit by Kellan Lain.
3:34 of 2nd period - Penalty to Patrick Kane is over, Patrick Kane is back on ice.
4:21 of 2nd period - Adam Fox is hit by Patrick Kane and loses puck.
5:02 of 2nd period - Wrist shot by Patrick Kane.
5:02 of 2nd period - Stopped by Tyler Weiman without a rebound.
5:03 of 2nd period - Brayden Schenn wins face-off versus Jeff Skinner in Islanders zone.
5:29 of 2nd period - Brandon Gormley is hit by Jason Spezza and loses puck.
5:40 of 2nd period - Backhand shot by Steve Downie.
5:40 of 2nd period - Shot Blocked by Brayden McNabb.
5:40 of 2nd period - Brayden McNabb from Islanders is injured at 5:40 of 2nd period (Severed Left Wrist Tendons).
5:41 of 2nd period - Vladimir Tarasenko wins face-off versus Cody Hodgson in Islanders zone.
5:41 of 2nd period - Vladimir Tarasenko is hit by Brandon Gormley.
6:15 of 2nd period - Minor Penalty to Yann Sauvé for Interference.
6:16 of 2nd period - Nicklas Backstrom wins face-off versus Brayden Schenn in Islanders zone.
6:26 of 2nd period - Wrist shot by Taylor Hall.
6:26 of 2nd period - Stopped by Tyler Weiman without a rebound.
6:27 of 2nd period - Brayden Schenn wins face-off versus Nicklas Backstrom in Islanders zone.
6:27 of 2nd period - Brayden Schenn is hit by Nicklas Backstrom.
7:57 of 2nd period - Anze Kopitar is hit by Taylor Hall.
8:13 of 2nd period - Mike Green is hit by Emerson Etem and loses puck.
8:15 of 2nd period - Penalty to Yann Sauvé is over, Yann Sauvé is back on ice.
8:18 of 2nd period - Slapshot by Garnet Hathaway.
8:18 of 2nd period - Stopped by Cory Schneider without a rebound.
8:19 of 2nd period - Michael Latta wins face-off versus Joe Colborne in Capitals zone.
8:20 of 2nd period - Snap shot by Jason Akeson.
8:20 of 2nd period - Stopped by Cory Schneider without a rebound.
8:21 of 2nd period - Michael Latta wins face-off versus Joe Colborne in Capitals zone.
8:38 of 2nd period - Snap shot by Phil Kessel.
8:38 of 2nd period - Stopped by Tyler Weiman with a rebound.
8:54 of 2nd period - Snap shot by Taylor Hall.
8:54 of 2nd period - Shot Misses the Net.
8:58 of 2nd period - Snap shot by Patrick Kane.
8:58 of 2nd period - Shot Blocked by Emerson Etem.
9:30 of 2nd period - Brock McGinn is hit by Jeff Skinner and loses puck.
9:56 of 2nd period - Steve Downie is hit by Nikita Zadorov and loses puck.
10:47 of 2nd period - Snap shot by Shea Theodore.
10:47 of 2nd period - Goal by Shea Theodore - Capitals : 1 - Islanders : 1.
10:48 of 2nd period - Anze Kopitar wins face-off versus Nicklas Backstrom in neutral zone.
10:57 of 2nd period - Slapshot by Jason Spezza.
10:57 of 2nd period - Shot Misses the Net.
11:13 of 2nd period - Ryan Ellis is hit by Mike Green.
11:21 of 2nd period - Wrist shot by Cody Hodgson.
11:21 of 2nd period - Shot Misses the Net.
11:37 of 2nd period - Garnet Hathaway is hit by Jeff Skinner.
12:19 of 2nd period - Snap shot by Jason Akeson.
12:19 of 2nd period - Shot Blocked by Shea Theodore.
12:53 of 2nd period - Wrist shot by Anze Kopitar.
12:53 of 2nd period - Goal by Anze Kopitar - Capitals : 1 - Islanders : 2.
12:54 of 2nd period - Nicklas Backstrom wins face-off versus Brayden Schenn in neutral zone.
13:45 of 2nd period - Wrist shot by Ryan Ellis.
13:45 of 2nd period - Deflect By Jeff Skinner.
13:45 of 2nd period - Stopped by Cory Schneider with a rebound.
13:47 of 2nd period - Snap shot by Sergei Plotnikov.
13:47 of 2nd period - Shot Misses the Net.
13:49 of 2nd period - Wrist shot by Yann Sauvé.
13:49 of 2nd period - Shot Misses the Net.
13:51 of 2nd period - Slapshot by Yann Sauvé.
13:51 of 2nd period - Stopped by Cory Schneider without a rebound.
13:52 of 2nd period - Nicklas Backstrom wins face-off versus Vladimir Tarasenko in Capitals zone.
14:41 of 2nd period - Snap shot by Phil Kessel.
14:41 of 2nd period - Goal by Phil Kessel - Capitals : 2 - Islanders : 2.
14:42 of 2nd period - Nicklas Backstrom wins face-off versus Vladimir Tarasenko in neutral zone.
14:55 of 2nd period - Slapshot by Ryan Ellis.
14:55 of 2nd period - Shot Misses the Net.
15:33 of 2nd period - Alexei Marchenko is hit by Sergei Plotnikov and loses puck.
15:58 of 2nd period - Emerson Etem is hit by Steve Downie.
16:15 of 2nd period - Snap shot by Vladimir Tarasenko.
16:15 of 2nd period - Shot Misses the Net.
16:21 of 2nd period - Wrist shot by Brayden Schenn.
16:21 of 2nd period - Stopped by Cory Schneider without a rebound.
16:22 of 2nd period - Nicklas Backstrom wins face-off versus Brayden Schenn in Capitals zone.
17:04 of 2nd period - Brandon Gormley is hit by Jason Spezza and loses puck.
17:17 of 2nd period - Wrist shot by Jeff Skinner.
17:17 of 2nd period - Goal by Jeff Skinner - Capitals : 3 - Islanders : 2.
17:18 of 2nd period - Nicklas Backstrom wins face-off versus Brayden Schenn in neutral zone.
17:22 of 2nd period - Off-side.
17:23 of 2nd period - Nicklas Backstrom wins face-off versus Kellan Lain in neutral zone.
18:14 of 2nd period - Snap shot by Michael Latta.
18:14 of 2nd period - Stopped by Cory Schneider without a rebound.
18:15 of 2nd period - Brayden Schenn wins face-off versus Joe Colborne in Capitals zone.
18:24 of 2nd period - Wrist shot by Vladimir Tarasenko.
18:24 of 2nd period - Stopped by Cory Schneider with a rebound.
18:29 of 2nd period - Minor Penalty to Dylan McIlrath for Tripping.
18:30 of 2nd period - Brayden Schenn wins face-off versus Nicklas Backstrom in Islanders zone.
18:42 of 2nd period - Snap shot by Mike Green.
18:42 of 2nd period - Goal by Mike Green - Capitals : 4 - Islanders : 2.
18:43 of 2nd period - Nicklas Backstrom wins face-off versus Brayden Schenn in neutral zone.
19:10 of 2nd period - Brandon Gormley is hit by Brock McGinn and loses puck.
Goals for this period are 4 for Capitals vs 1 for Islanders.
Shots for this period are 8 for Capitals vs 9 for Islanders.
3rd period
0:01 of 3rd period - Nicklas Backstrom wins face-off versus Brayden Schenn in neutral zone.
0:11 of 3rd period - Snap shot by Nicklas Backstrom.
0:11 of 3rd period - Goal by Nicklas Backstrom - Capitals : 5 - Islanders : 2.
0:11 of 3rd period - Joonas Korpisalo enters game.
0:12 of 3rd period - Nicklas Backstrom wins face-off versus Brayden Schenn in neutral zone.
0:25 of 3rd period - Snap shot by Taylor Hall.
0:25 of 3rd period - Shot Blocked by Ryan Ellis.
0:59 of 3rd period - Slapshot by Ryan Ellis.
0:59 of 3rd period - Stopped by Cory Schneider without a rebound.
1:00 of 3rd period - Michael Latta wins face-off versus Joe Colborne in Capitals zone.
1:38 of 3rd period - Wrist shot by Michael Latta.
1:38 of 3rd period - Shot Misses the Net.
1:40 of 3rd period - Slapshot by Dylan McIlrath.
1:40 of 3rd period - Shot Hit the Post.
1:42 of 3rd period - Wrist shot by Adam Fox.
1:42 of 3rd period - Stopped by Cory Schneider with a rebound.
1:44 of 3rd period - Snap shot by Jason Akeson.
1:44 of 3rd period - Shot Misses the Net.
1:46 of 3rd period - Wrist shot by Jason Akeson.
1:46 of 3rd period - Goal by Jason Akeson - Capitals : 5 - Islanders : 3.
1:47 of 3rd period - Nicklas Backstrom wins face-off versus Brayden Schenn in neutral zone.
2:26 of 3rd period - Slapshot by Brock McGinn.
2:26 of 3rd period - Shot Misses the Net.
2:46 of 3rd period - Wrist shot by Jeff Skinner.
2:46 of 3rd period - Goal by Jeff Skinner - Capitals : 6 - Islanders : 3.
2:47 of 3rd period - Nicklas Backstrom wins face-off versus Kellan Lain in neutral zone.
2:50 of 3rd period - Nicklas Backstrom is hit by Kellan Lain and loses puck.
3:14 of 3rd period - Brayden Schenn is hit by Shea Theodore and loses puck.
3:43 of 3rd period - Slapshot by Blake Pietila.
3:43 of 3rd period - Stopped by Joonas Korpisalo with a rebound.
3:51 of 3rd period - Slapshot by Cody Hodgson.
3:51 of 3rd period - Stopped by Joonas Korpisalo with a rebound.
4:01 of 3rd period - Taylor Hall is hit by Sergei Plotnikov and loses puck.
5:38 of 3rd period - Wrist shot by Brayden Schenn.
5:38 of 3rd period - Stopped by Cory Schneider without a rebound.
5:39 of 3rd period - Nicklas Backstrom wins face-off versus Brayden Schenn in Capitals zone.
5:53 of 3rd period - Shea Theodore is hit by Brayden Schenn.
6:24 of 3rd period - Backhand shot by Jujhar Khaira.
6:24 of 3rd period - Shot Misses the Net.
6:32 of 3rd period - Wrist shot by Jujhar Khaira.
6:32 of 3rd period - Shot Blocked by Kellan Lain.
8:25 of 3rd period - Snap shot by Jujhar Khaira.
8:25 of 3rd period - Stopped by Joonas Korpisalo without a rebound.
8:26 of 3rd period - Brock McGinn wins face-off versus Sergey Kalinin in Islanders zone.
8:47 of 3rd period - Jason Spezza is hit by Sergey Kalinin and loses puck.
9:06 of 3rd period - Snap shot by Brock McGinn.
9:06 of 3rd period - Shot Blocked by Steve Downie.
9:22 of 3rd period - Snap shot by Anze Kopitar.
9:22 of 3rd period - Stopped by Cory Schneider without a rebound.
9:23 of 3rd period - Brayden Schenn wins face-off versus Nicklas Backstrom in Capitals zone.
9:34 of 3rd period - Snap shot by Vladimir Tarasenko.
9:34 of 3rd period - Stopped by Cory Schneider with a rebound.
10:04 of 3rd period - Wrist shot by Kellan Lain.
10:04 of 3rd period - Shot Misses the Net.
10:06 of 3rd period - Snap shot by Brayden Schenn.
10:06 of 3rd period - Shot Misses the Net.
10:16 of 3rd period - Jeff Skinner is hit by Dylan McIlrath and loses puck.
10:52 of 3rd period - Icing by Marc Staal.
10:53 of 3rd period - Joe Colborne wins face-off versus Michael Latta in Capitals zone.
10:53 of 3rd period - Joe Colborne is hit by Jason Akeson.
11:05 of 3rd period - Wrist shot by Phil Kessel.
11:05 of 3rd period - Shot Misses the Net.
11:47 of 3rd period - Snap shot by Garnet Hathaway.
11:47 of 3rd period - Goal by Garnet Hathaway - Capitals : 6 - Islanders : 4.
11:48 of 3rd period - Nicklas Backstrom wins face-off versus Anze Kopitar in neutral zone.
11:53 of 3rd period - Snap shot by Taylor Hall.
11:53 of 3rd period - Deflect By Nicklas Backstrom.
11:53 of 3rd period - Stopped by Joonas Korpisalo with a rebound.
12:39 of 3rd period - Minor Penalty to Sergei Plotnikov for Interference.
12:40 of 3rd period - Nicklas Backstrom wins face-off versus Brayden Schenn in Islanders zone.
13:06 of 3rd period - Marc Staal is hit by Yann Sauvé and loses puck.
13:29 of 3rd period - Brayden Schenn is hit by Taylor Hall and loses puck.
14:05 of 3rd period - Icing by Nicklas Backstrom.
14:06 of 3rd period - Anze Kopitar wins face-off versus Nicklas Backstrom in Capitals zone.
14:39 of 3rd period - Penalty to Sergei Plotnikov is over, Sergei Plotnikov is back on ice.
16:29 of 3rd period - Shea Theodore is hit by Brayden Schenn and loses puck.
19:33 of 3rd period - Blake Pietila is hit by Anze Kopitar and loses puck.
Goals for this period are 2 for Capitals vs 2 for Islanders.
Shots for this period are 6 for Capitals vs 7 for Islanders.